 Dungeon Crawl Stone Soup version 0.31.0-12-g77e489cdc1 (webtiles) character file.

Game seed: 3239198791683953136

86 lordive the Changeling (level 4, -2/28 HPs)
             Began as an Octopode Shapeshifter on Feb 29, 2024.
             Slain by Crazy Yiuf
             ... wielding a +2 quarterstaff of chaos
              (14 damage)
             ... on level 2 of the Dungeon.
             The game lasted 00:01:45 (1605 turns).

lordive the Changeling (Octopode Shapeshifter)      Turns: 1605, Time: 00:01:47

Health: -2/28      AC:  1    Str: 13    XL:     4   Next: 50%
Magic:  4/4        EV: 13    Int: 12    God:
Gold:   137        SH:  0    Dex: 13    Spells: 3/3 levels left

rFire   . . .        m - +4 dagger (venom)
rCold   . . .        (no shield)
rNeg    . . .        (helmet currently unavailable)
rPois   .            (no amulet)
rElec   .            (no ring)
rCorr   .            (no ring)
SInv    .            (no ring)
Will    .....        (no ring)
Stlth   ++           (no ring)
HPRegen 0.24/turn    (no ring)
MPRegen 0.09/turn    (no ring)
                     (no ring)

%: no passive effects
@: beast-form, slowed, very slow
A: beast (slay +2), almost no armour, amphibious, 8 rings, camouflage 1,
gelatinous body 1, (nimble swimmer 1), tentacles
a: Begin Untransformation


You were on level 2 of the Dungeon.
You were a hulking beast.
You visited 1 branch of the dungeon, and saw 2 of its levels.

You collected 137 gold pieces.

Inventory:

Hand Weapons
 m - a +4 dagger of venom (weapon)
Jewellery
 k - a +5 ring of evasion
Talismans
 b - a beast talisman
 c - a flux talisman
Scrolls
 d - 2 scrolls of identify {unknown}
 e - 2 scrolls of blinking {unknown}
 f - a scroll of fog {unknown}
 h - 4 scrolls of teleportation {unknown}
 j - a scroll of amnesia {unknown}
Potions
 a - a potion of lignification
 g - 2 potions of mutation {unknown}
 i - a potion of degeneration {unknown}
 l - a potion of curing {unknown}


   Skills:
 + Level 1.2 Fighting
 + Level 2.3 Dodging
 + Level 3.6 Unarmed Combat
 * Level 4.1 Shapeshifting


You had 3 spell levels left.
You didn't know any spells.
Your spell library was empty.

Dungeon Overview and Level Annotations

Branches:
Dungeon (2/15)

Altars:

Annotations:
D:2 Crazy Yiuf


Innate Abilities, Weirdness & Mutations

You are a hulking beast.
Your limbs bulge with bestial killing power. (Slay +2)
You cannot wear most types of armour.
You are amphibious.
You can wear up to eight rings at the same time.
Your skin changes colour to match your surroundings (Stealth+).
Your rubbery body absorbs attacks. (AC +1, EV +1)
((You are camouflaged when in or above water. (Stealth+)))
You have tentacles for arms and can constrict up to eight enemies at once.


Message History

Could not explore, unopened runed door.
Could not explore, unopened runed door.
Could not explore, unopened runed door.
No reachable target in view!
Search for what [? for help]? venom
Items here: )))) ÷÷.
Items here: )) [[ ÷÷.
m - a +4 dagger of venom Your +4 dagger of venom begins to drip with poison!
m - a +4 dagger of venom (weapon)
Items here: )))) ÷÷.
Could not explore, unopened runed door.
Could not explore, unopened runed door.
Could not explore, unopened runed door.
You open the door.
Crazy Yiuf shouts!
There is an open translucent door here.
You barely miss Crazy Yiuf. Your grab misses Crazy Yiuf.
Your squeeze misses Crazy Yiuf.
Crazy Yiuf hits you with a +2 quarterstaff of chaos.
Crazy Yiuf freezes you.
You barely miss Crazy Yiuf. You grab Crazy Yiuf.
You squeeze Crazy Yiuf, but do no damage.
You constrict Crazy Yiuf. Crazy Yiuf barely misses you.
You hit Crazy Yiuf.
Crazy Yiuf is poisoned.
You tentacle-slap Crazy Yiuf.
Crazy Yiuf is moderately wounded.
You constrict Crazy Yiuf. Crazy Yiuf barely misses you.
You hit Crazy Yiuf but do no damage.
Crazy Yiuf looks even sicker.
Crazy Yiuf is moderately wounded.
You constrict Crazy Yiuf.
Crazy Yiuf hits you with a +2 quarterstaff of chaos!
You feel yourself slow down.
You are too injured to fight recklessly!
You hit Crazy Yiuf.
Crazy Yiuf looks as sick as possible!
Crazy Yiuf is severely wounded.
You constrict Crazy Yiuf, but do no damage.
Crazy Yiuf cries, "Mountain!
Tonal koolooloo bag."
Crazy Yiuf hits you with a +2 quarterstaff of chaos!
Ouch! That really hurt!
You die...

.....# #.......#..##.#.#
#.#
.###.###...............#
#.# .#
#...<..#######.##.#.#
#.# .# ######## ########
#.# .# #######.# .#
##♣♣♣♣♣ #.......#
.#######.P.♣.♣♣♣ ####
#########
..........P.♣..♣#...#
..........P♣♣♣♣.hg..#
....##.#..♣♣ ♣♣#..)#
###.#####♣♣ #### #.####
#....# ######


You could see Crazy Yiuf (extremely poisoned).

Vanquished Creatures
  Jessica (D:2)
  Robin (D:2)
  3 dart slugs
  7 bats
  4 endoplasms (D:2)
  3 giant cockroaches (D:1)
  5 goblins (D:2)
  3 hobgoblins
  3 kobolds
  3 quokkas
  4 ball pythons (D:1)
  3 frilled lizards
  A rat (D:1)
41 creatures vanquished.

Notes
Turn   | Place    | Note
-------+----------+-------------------------------------------
     0 | D:1      | lordive the Octopode Shapeshifter began the quest for the
                  | Orb.
     0 | D:1      | Reached XP level 1. HP: 13/13 MP: 1/1
    40 | D:1      | Reached XP level 2. HP: 18/18 MP: 2/2
   718 | D:2      | Noticed Jessica
   727 | D:2      | Killed Jessica
   728 | D:2      | Reached XP level 3. HP: 8/23 MP: 3/3
   872 | D:2      | Reached skill level 4 in Shapeshifting
   872 | D:2      | Reached XP level 4. HP: 21/28 MP: 4/4
  1129 | D:2      | Noticed Robin
  1139 | D:2      | Killed Robin
  1469 | D:2      | Found a runed translucent door.
  1470 | D:2      | Noticed Crazy Yiuf
  1605 | D:2      | Slain by Crazy Yiuf

Illustrated notes

Levels and vault maps discovered:
D:1:      dpeg_arrival_stonehenge_12_columns, layout_loops_ring
D:2:      layout_loops_ring, palyth_stone_intersect, kennysheep_generic_room_14,
          uniq_robin, uniq_jessica, uniq_crazy_yiuf_cottage

Skill      XL: |  1  2  3 |
---------------+----------+-----
Shapeshifting  | 4 |  4.1
Fighting       | |  1.2
Dodging        | |  2.3
Unarmed Combat | |  3.6

Action                     |  1- 3 |  4- 6 || total
---------------------------+-------+-------++-------
  Melee: Unarmed           |    54 |    23 ||    77
         Constrict         |    10 |     7 ||    17
         Tentacles         |     7 |     7 ||    14
         Punch             |     1 |     3 ||     4
         Dagger            |       |     5 ||     5
   Stab: Sleeping          |     8 |     4 ||    12
 Armour: Skin              |    23 |    14 ||    37
  Dodge: Dodged            |    28 |    13 ||    41
